[ AOE2 MATCH · #506252153 ]
UnrankedMagyars vs Koreans
Player's team · LOSS
Rival team · WIN
[ REPLAY ANALYSIS · EXTRACTED FROM THE RECORDED GAME ]
Feudal
11:18
Castle
15:07
Imperial
—
| APM avg | 34.5 |
| APM peak | 84 |
| eAPM avg | 19.0 |
| Villagers / military | 135 / 12 |
Focus
⚔️ 10.5% · 🌾 89.5%
Knight ×7 · Mangonel ×4 · Battering Ram ×1
Feudal
9:54
Castle
22:51
Imperial
30:58
| APM avg | 23.6 |
| APM peak | 50 |
| eAPM avg | 16.0 |
| Villagers / military | 75 / 9 |
Focus
⚔️ 25.4% · 🌾 74.6%
Bombard Cannon ×4 · Iron Pagoda ×2 · Trebuchet (Packed) ×2 · Monk ×1
Match map
Initial resources + every placement click. Lines = walls · curves = elevation contours. ◆ gold · ⬟ stone · ● berries · ✦ relic · ◌ wall gap
Your base· ✓ Closed at 15:07 · 10t walls · no gate
Post Nut Clarity's base· Open — opponent sealed themselves in
Smoothed initial terrain · ◌ = detected wall gap · hover for details
Inputs per minute
— Windows97 - - Post Nut Clarity
Build order — Windows97
First 150 of 256 actions detected
| 0:01 | Queue | Villager (Male) |
| 0:01 | Queue | Villager (Male) |
| 0:02 | Build | House |
| 0:03 | Build | House |
| 0:03 | Queue | Villager (Male) |
| 0:04 | Queue | Villager (Male) |
| 0:37 | Build | Palisade Wall |
| 1:44 | Queue | Villager (Male) |
| 2:04 | Queue | Villager (Male) |
| 2:40 | Queue | Villager (Male) |
| 2:41 | Queue | Villager (Male) |
| 3:05 | Queue | Villager (Male) |
| 3:05 | Queue | Villager (Male) |
| 3:15 | Build | Lumber Camp |
| 3:30 | Queue | Villager (Male) |
| 3:30 | Queue | Villager (Male) |
| 3:51 | Build | House |
| 3:58 | Queue | Villager (Male) |
| 3:58 | Queue | Villager (Male) |
| 4:30 | Queue | Villager (Male) |
| 4:55 | Queue | Villager (Male) |
| 4:56 | Queue | Villager (Male) |
| 4:56 | Queue | Villager (Male) |
| 5:44 | Queue | Villager (Male) |
| 5:45 | Queue | Villager (Male) |
| 5:54 | Build | Mill |
| 6:11 | Queue | Villager (Male) |
| 6:12 | Queue | Villager (Male) |
| 6:27 | Build | House |
| 6:38 | Queue | Villager (Male) |
| 6:39 | Queue | Villager (Male) |
| 7:02 | Queue | Villager (Male) |
| 7:16 | Queue | Villager (Male) |
| 7:24 | Queue | Villager (Male) |
| 8:25 | Queue | Villager (Male) |
| 8:52 | Build | Mining Camp |
| 9:00 | Research | Feudal Age |
| 9:47 | Queue | Villager (Male) |
| 9:47 | Queue | Villager (Male) |
| 10:46 | Build | Barracks |
| 11:18 | Age | Feudal Age |
| 11:24 | Build | Blacksmith |
| 11:38 | Build | Stable |
| 12:05 | Build | House |
| 12:27 | Research | Castle Age |
| 12:27 | Research | Castle Age |
| 12:33 | Build | House |
| 12:49 | Build | Farm |
| 12:52 | Build | Farm |
| 12:59 | Build | Farm |
| 13:30 | Queue | Villager (Male) |
| 13:45 | Queue | Villager (Male) |
| 14:51 | Build | House |
| 14:52 | Build | House |
| 14:53 | Build | House |
| 15:07 | Age | Castle Age |
| 15:12 | Build | Siege Workshop |
| 15:25 | Build | Palisade Wall |
| 15:41 | Build | Mining Camp |
| 15:57 | Build | Mill |
| 15:58 | Build | Farm |
| 15:58 | Build | Farm |
| 15:59 | Build | Farm |
| 15:59 | Build | Farm |
| 15:59 | Build | Farm |
| 16:04 | Queue | Villager (Male) |
| 16:06 | Research | Loom |
| 16:07 | Queue | Villager (Male) |
| 16:10 | Research | Double-Bit Axe |
| 16:10 | Research | Double-Bit Axe |
| 16:31 | Queue | Mangonel |
| 16:42 | Queue | Villager (Male) |
| 16:44 | Build | Farm |
| 16:47 | Build | Farm |
| 16:49 | Build | Farm |
| 17:04 | Queue | Villager (Male) |
| 17:11 | Build | House |
| 17:23 | Queue | Villager (Male) |
| 17:27 | Queue | Villager (Male) |
| 17:37 | Build | Farm |
| 17:40 | Queue | Villager (Male) |
| 17:51 | Queue | Mangonel |
| 18:48 | Queue | Villager (Male) |
| 18:56 | Research | Gold Mining |
| 19:08 | Queue | Villager (Male) |
| 19:31 | Queue | Villager (Male) |
| 19:36 | Build | Town Center |
| 20:03 | Queue | Knight |
| 20:08 | Queue | Knight |
| 20:30 | Queue | Villager (Male) |
| 20:30 | Queue | Villager (Male) |
| 21:18 | Queue | Villager (Male) |
| 21:19 | Queue | Villager (Male) |
| 21:24 | Queue | Mangonel |
| 21:27 | Queue | Villager (Male) |
| 21:27 | Queue | Villager (Male) |
| 22:02 | Queue | Villager (Male) |
| 22:03 | Queue | Villager (Male) |
| 22:40 | Queue | Villager (Male) |
| 22:40 | Queue | Villager (Male) |
| 22:40 | Queue | Villager (Male) |
| 22:43 | Queue | Mangonel |
| 22:59 | Build | Town Center |
| 23:23 | Queue | Villager (Male) ×2 |
| 24:09 | Queue | Villager (Male) |
| 24:37 | Queue | Battering Ram |
| 24:40 | Queue | Villager (Male) ×2 |
| 24:47 | Build | Farm |
| 24:47 | Build | Farm |
| 24:47 | Build | Farm |
| 24:48 | Build | Farm |
| 24:48 | Build | Farm |
| 24:48 | Build | Farm |
| 24:48 | Build | Farm |
| 24:50 | Build | Farm |
| 24:50 | Build | Farm |
| 24:51 | Queue | Villager (Male) |
| 25:02 | Build | Mining Camp |
| 25:43 | Build | Lumber Camp |
| 25:49 | Queue | Villager (Male) ×3 |
| 26:04 | Build | Farm |
| 26:04 | Build | Farm |
| 26:05 | Build | Farm |
| 26:05 | Build | Farm |
| 26:05 | Build | Farm |
| 26:05 | Build | Farm |
| 26:13 | Build | Castle |
| 26:32 | Queue | Villager (Male) ×3 |
| 26:44 | Queue | Villager (Male) |
| 26:45 | Queue | Villager (Male) |
| 26:57 | Build | Mining Camp |
| 27:04 | Build | House |
| 27:05 | Build | House |
| 27:05 | Build | House |
| 27:06 | Build | House |
| 27:06 | Build | House |
| 27:06 | Build | House |
| 27:06 | Build | House |
| 27:07 | Build | House |
| 27:11 | Queue | Villager (Male) ×2 |
| 27:15 | Queue | Villager (Male) |
| 27:15 | Queue | Villager (Male) |
| 27:29 | Queue | Villager (Male) |
| 27:39 | Build | Mining Camp |
| 27:43 | Research | Fletching |
| 27:43 | Research | Padded Archer Armor |
| 28:00 | Queue | Villager (Male) ×2 |
| 28:10 | Build | Mining Camp |
| 28:12 | Queue | Villager (Male) |
| 28:15 | Queue | Villager (Male) |
Build order — Post Nut Clarity
First 150 of 197 actions detected
| 0:11 | Build | House |
| 0:12 | Build | House |
| 0:13 | Queue | Villager (Male) |
| 0:13 | Queue | Villager (Male) |
| 0:13 | Queue | Villager (Male) |
| 0:14 | Queue | Villager (Male) |
| 0:14 | Queue | Villager (Male) |
| 1:23 | Research | Loom |
| 1:23 | Queue | Villager (Male) |
| 1:23 | Queue | Villager (Male) |
| 2:02 | Queue | Villager (Male) |
| 2:24 | Build | Palisade Wall |
| 2:27 | Build | Palisade Wall |
| 2:40 | Build | Palisade Wall |
| 2:42 | Queue | Villager (Male) |
| 3:02 | Queue | Villager (Male) |
| 3:27 | Build | Lumber Camp |
| 3:32 | Queue | Villager (Male) |
| 3:49 | Queue | Villager (Male) |
| 4:19 | Queue | Villager (Male) |
| 4:26 | Build | House |
| 4:35 | Queue | Villager (Male) |
| 5:09 | Queue | Villager (Male) |
| 5:10 | Queue | Villager (Male) |
| 5:33 | Queue | Villager (Male) |
| 5:38 | Queue | Villager (Male) |
| 6:31 | Build | Mill |
| 6:36 | Queue | Villager (Male) |
| 7:19 | Queue | Villager (Male) |
| 7:42 | Research | Feudal Age |
| 8:22 | Queue | Villager (Male) |
| 8:22 | Queue | Villager (Male) |
| 8:37 | Build | Mining Camp |
| 8:46 | Queue | Villager (Male) |
| 9:06 | Queue | Villager (Male) |
| 9:49 | Build | Mining Camp |
| 9:54 | Age | Feudal Age |
| 9:54 | Queue | Villager (Male) |
| 10:01 | Research | Wheelbarrow |
| 10:10 | Build | Watch Tower |
| 10:39 | Build | House |
| 10:40 | Build | House |
| 10:50 | Queue | Villager (Male) |
| 10:51 | Queue | Villager (Male) |
| 11:14 | Research | Double-Bit Axe |
| 11:20 | Build | Gate |
| 11:30 | Queue | Villager (Male) |
| 11:47 | Build | House |
| 11:48 | Build | House |
| 11:54 | Queue | Villager (Male) |
| 12:08 | Queue | Villager (Male) |
| 12:19 | Build | Watch Tower |
| 12:44 | Build | Lumber Camp |
| 12:56 | Queue | Villager (Male) |
| 13:12 | Queue | Villager (Male) |
| 13:35 | Build | Watch Tower |
| 13:42 | Queue | Villager (Male) |
| 13:55 | Build | Blacksmith |
| 14:07 | Research | Horse Collar |
| 14:09 | Queue | Villager (Male) |
| 14:16 | Build | Farm |
| 14:38 | Build | Farm |
| 14:47 | Build | Watch Tower |
| 14:51 | Research | Fletching |
| 15:00 | Queue | Villager (Male) |
| 15:00 | Queue | Villager (Male) |
| 15:03 | Build | Farm |
| 15:30 | Build | Farm |
| 15:30 | Queue | Villager (Male) |
| 15:31 | Queue | Villager (Male) |
| 15:45 | Build | Market |
| 15:52 | Queue | Villager (Male) |
| 15:53 | Queue | Villager (Male) |
| 15:57 | Build | Farm |
| 16:11 | Build | Stone Wall |
| 16:14 | Build | Stone Wall |
| 16:16 | Build | Stone Wall |
| 16:20 | Build | Stone Wall |
| 16:29 | Build | Farm |
| 16:30 | Queue | Villager (Male) |
| 16:53 | Build | Lumber Camp |
| 16:55 | Build | Farm |
| 16:57 | Queue | Villager (Male) |
| 16:58 | Build | Farm |
| 17:00 | Queue | Villager (Male) |
| 17:10 | Build | Stone Wall |
| 17:19 | Build | Stone Wall |
| 17:28 | Build | Farm |
| 17:30 | Queue | Villager (Male) |
| 17:49 | Build | Farm |
| 17:55 | Build | Farm |
| 17:56 | Queue | Villager (Male) |
| 18:30 | Build | Stone Wall |
| 18:31 | Queue | Villager (Male) |
| 18:33 | Build | Farm |
| 18:44 | Build | Farm |
| 18:46 | Queue | Villager (Male) |
| 19:12 | Build | Gate |
| 19:27 | Build | Farm |
| 19:29 | Queue | Villager (Male) |
| 19:32 | Build | Farm |
| 19:54 | Build | Stone Wall |
| 20:04 | Queue | Villager (Male) |
| 20:10 | Build | Farm |
| 20:11 | Research | Castle Age |
| 20:45 | Build | Stone Wall |
| 21:16 | Build | Stone Wall |
| 21:24 | Queue | Villager (Male) |
| 21:25 | Queue | Villager (Male) |
| 21:30 | Research | Gold Mining |
| 21:35 | Research | Stone Mining |
| 22:25 | Queue | Villager (Male) |
| 22:51 | Age | Castle Age |
| 22:59 | Build | Siege Workshop |
| 23:03 | Research | Town Watch |
| 23:11 | Build | House |
| 23:12 | Build | House |
| 23:15 | Queue | Villager (Male) |
| 23:15 | Queue | Villager (Male) |
| 23:25 | Build | Stone Wall |
| 23:36 | Queue | Iron Pagoda |
| 23:36 | Queue | Iron Pagoda |
| 23:59 | Build | Watch Tower |
| 24:02 | Queue | Villager (Male) |
| 24:03 | Queue | Villager (Male) |
| 24:29 | Queue | Villager (Male) |
| 24:30 | Queue | Villager (Male) |
| 24:31 | Queue | Villager (Male) |
| 24:36 | Build | House |
| 24:37 | Build | House |
| 24:38 | Build | House |
| 24:39 | Build | House |
| 24:50 | Build | Watch Tower |
| 24:52 | Research | Bodkin Arrow |
| 25:11 | Build | Stone Wall |
| 25:52 | Build | Watch Tower |
| 25:57 | Queue | Villager (Male) |
| 25:57 | Queue | Villager (Male) |
| 26:11 | Build | Monastery |
| 26:14 | Build | University |
| 26:20 | Queue | Villager (Male) |
| 26:58 | Queue | Villager (Male) |
| 27:00 | Queue | Villager (Male) |
| 27:01 | Queue | Monk |
| 27:21 | Build | Watch Tower |
| 27:33 | Research | Imperial Age |
| 27:33 | Research | Imperial Age |
| 27:45 | Research | Gold Shaft Mining |
| 28:10 | Research | Treadmill Crane |
| 28:20 | Build | Mining Camp |
Match timeline
| 0:37 | Windows97 · wall_segment Palisade Wall x10 |
| 2:24 | Post Nut Clarity · wall_segment Palisade Wall x6 |
| 2:27 | Post Nut Clarity · wall_segment Palisade Wall x1 |
| 2:40 | Post Nut Clarity · wall_segment Palisade Wall x1 |
| 9:54 | Post Nut Clarity · age_up feudal |
| 10:46 | Windows97 · first_building Barracks |
| 11:18 | Windows97 · age_up feudal |
| 11:38 | Windows97 · first_building Stable |
| 15:07 | Windows97 · age_up castle |
| 15:12 | Windows97 · first_building Siege Workshop |
| 15:25 | Windows97 · wall_segment Palisade Wall x3 |
| 16:11 | Post Nut Clarity · wall_segment Stone Wall x3 |
| 16:14 | Post Nut Clarity · wall_segment Stone Wall x3 |
| 16:16 | Post Nut Clarity · wall_segment Stone Wall x3 |
| 16:20 | Post Nut Clarity · wall_segment Stone Wall x3 |
| 17:10 | Post Nut Clarity · wall_segment Stone Wall x4 |
| 17:19 | Post Nut Clarity · wall_segment Stone Wall x4 |
| 17:43 | Post Nut Clarity · first_market_buy 100 food |
| 18:30 | Post Nut Clarity · wall_segment Stone Wall x11 |
| 18:37 | Post Nut Clarity · first_market_sell 100 wood |
| 19:54 | Post Nut Clarity · wall_segment Stone Wall x1 |
| 20:45 | Post Nut Clarity · wall_segment Stone Wall x1 |
| 21:16 | Post Nut Clarity · wall_segment Stone Wall x7 |
| 22:51 | Post Nut Clarity · age_up castle |
| 22:59 | Post Nut Clarity · first_building Siege Workshop |
| 23:25 | Post Nut Clarity · wall_segment Stone Wall x6 |
| 25:11 | Post Nut Clarity · wall_segment Stone Wall x3 |
| 26:11 | Post Nut Clarity · first_building Monastery |
| 26:13 | Windows97 · first_building Castle |
| 30:36 | Post Nut Clarity · first_building Castle |
| 30:58 | Post Nut Clarity · age_up imperial |
| 35:20 | Post Nut Clarity · first_building Barracks |
| 35:28 | Windows97 · resign |
[ AI ANALYSIS · 1 CREDIT ]
What really happened in this match?
Wolo.gg analyzes every decision: build order, eco, micro, common mistakes by bracket. Personalized analysis on WhatsApp or Discord in 30 seconds.
Civ guide
Magyars
Perfil
Windows97